AoeStats
← b站江条

Arabia

503563065Analyzed
1v1 RM · 1mo ago on Sep 1, 2026· 60m 38s· 2 players
Game mode
Random Map
Map size
Tiny (2 player)
Population
200
Speed
Normal
Resources
Standard
Victory
Conquest
Starting age
Dark Age
Ending age
Imperial Age
RankedLock teamsTeams togetherTeam positionsShared explorationLock speedFull tech treeHidden civsTurbo modeCheats
Victory
Defeat
🇨🇳 Chinese · China
1369
+15
🇨🇳 Maya · China
1351
-15
b站江条
0:25 Loom
9:09 Feudal Age
9:59 Double-Bit Axe
13:48 Town Watch
18:34 Wheelbarrow
21:03 Castle Age
19:19 Fletching
19:51 Padded Archer Armor
20:09 Gold Mining
20:08 Horse Collar
21:26 Crossbowman
22:11 Bodkin Arrow
25:24 Squires
25:27 Scale Mail Armor
26:11 Eagle Warrior
28:55 Chain Mail Armor
30:16 Heavy Plow
31:53 Stone Mining
35:03 Imperial Age
35:06 Stone Shaft Mining
35:04 Hand Cart
36:16 Ballistics
36:09 Bracer
35:31 Arbalester
36:20 Thumb Ring
36:56 Conscription
37:46 Town Patrol
38:02 Bow Saw
40:49 Chemistry
40:33 Guilds
41:58 Leather Archer Armor
41:08 Elite Eagle Warrior
42:24 Holcans
42:39 Plate Mail Armor
46:50 Leather Archer Armor
49:04 Two-Man Saw
48:37 Crop Rotation
48:17 Treadmill Crane
50:09 Forging
50:30 Ring Archer Armor
53:36 Iron Casting
55:30 Blast Furnace
I AM NOOB
0:26 Loom
11:12 Feudal Age
16:26 Castle Age
14:37 Double-Bit Axe
18:46 Bow Saw
20:22 Town Watch
20:37 Horse Collar
25:27 Heavy Plow
27:37 Wheelbarrow
28:29 Squires
32:10 Gold Mining
32:11 Stone Mining
36:51 Imperial Age
34:51 Scale Mail Armor
36:12 Chain Mail Armor
36:13 Forging
37:05 Fletching
36:54 Elite Fire Lancer
38:07 Plate Mail Armor
38:26 Iron Casting
38:06 Heavy Rocket Cart
41:35 Masonry
42:26 Chemistry
42:52 Two-Man Saw
44:52 Blast Furnace
46:57 Fletching
47:08 Padded Archer Armor
47:16 Elite Skirmisher
48:36 Thumb Ring
48:33 Bodkin Arrow
48:54 Leather Archer Armor
49:24 Bracer
52:52 Pikeman
54:59 Hand Cart
57:27 Ballistics
57:11 Murder Holes
Connection lost

Rejoining the realm…

Still unreachable

The connection could not be restored.

Session expired

The server has moved on; the page needs a fresh start.